 Dungeon Crawl Stone Soup version 0.19.4-8-ga85b6b9 (webtiles) character file.

234 empire the Conjurer (level 5, 0/28 HPs)
             Began as a Deep Elf Conjurer on Feb 6, 2017.
             Slain by a big kobold zombie (3 damage)
             ... in an ossuary.
             The game lasted 00:10:32 (3197 turns).

empire the Conjurer (Deep Elf Conjurer)             Turns: 3197, Time: 00:10:32

Health: 0/28       AC:  2    Str: 10    XL:     5   Next: 75%
Magic:  1/14       EV: 13    Int: 20    God:
Gold:   133        SH:  0    Dex: 15    Spells: 3 memorised, 7 levels left

rFire  . . .     SeeInvis .     a - +0 short sword
rCold  . . .     Gourm    +     g - +0 robe
rNeg   . . .     Faith    .     (no shield)
rPois  .         Spirit   .     (no helmet)
rElec  .         Reflect  .     (no cloak)
rCorr  .         Harm     .     (no gloves)
MR     .....                    (no boots)
Stlth  ++........               t - amulet of the gourmand
                                (no ring)
                                q - +4 ring of strength

@: no status effects
A: no striking features
a: no special abilities


You were in an ossuary.
You were very hungry.

You visited 1 branch of the dungeon, and saw 4 of its levels.
You also visited: Ossuary.

You collected 133 gold pieces.

Inventory:

Hand Weapons
 a - a +0 short sword (weapon)
 m - a +0 dagger of electrocution
Armour
 g - a +0 robe (worn)
Rods
 b - a +1 rod of inaccuracy (2/12)
   (You found it on level 4 of the Dungeon)
Jewellery
 q - a +4 ring of strength (left hand)
 t - an amulet of the gourmand (around neck)
Scrolls
 i - 3 scrolls of remove curse
Potions
 d - a potion of magic {unknown}
 f - 4 potions of lignification
 k - a potion of resistance {unknown}
 l - 2 potions of flight
 v - a potion of cancellation
 w - a potion of degeneration {unknown}
 z - a potion of brilliance {unknown}
Books
 e - a book of Conjurations

   Spells                             Type                      Level
   a - Magic Dart                     Conjuration                  1
   b - Searing Ray                    Conjuration                  2
   c - Dazzling Spray                 Conjuration/Hexes            3
   d - Fulminant Prism                Conjuration/Hexes            4
   e - Iskenderun's Mystic Blast      Conjuration                  4
   f - Iskenderun's Battlesphere      Conjuration/Charms           5
 s - a book of Maledictions

   Spells                             Type                      Level
   a - Corona                         Hexes                        1
   b - Ensorcelled Hibernation        Hexes/Ice                    2
   c - Confuse                        Hexes                        3
   d - Tukima's Dance                 Hexes                        3
   e - Dazzling Spray                 Conjuration/Hexes            3
 y - a book of Minor Magic

   Spells                             Type                      Level
   a - Magic Dart                     Conjuration                  1
   b - Blink                          Translocation                2
   c - Call Imp                       Summoning                    2
   d - Repel Missiles                 Charms/Air                   2
   e - Slow                           Hexes                        2
   f - Conjure Flame                  Conjuration/Fire             3
   g - Mephitic Cloud                 Conjuration/Poison/Air       3
Comestibles
 c - 2 bread rations
 n - a royal jelly
 r - 3 beef jerkies
 x - a meat ration


   Skills:
 + Level 2.5 Dodging
 - Level 2.4 Stealth
 + Level 5.3 Spellcasting
 + Level 5.9 Conjurations
 + Level 3.3 Hexes
 + Level 0.2 Evocations


You had 7 spell levels left.
You knew the following spells:

 Your Spells              Type           Power        Failure   Level  Hunger
a - Magic Dart            Conj           ####         1%          1    None
b - Dazzling Spray        Conj/Hex       ###...       6%          3    ##.....
c - Confuse               Hex            ###.....     10%         3    ##.....


Dungeon Overview and Level Annotations

Branches:
Dungeon (4/15)
 Temple: D:4-7

Altars:
Trog


Message History

Casting: Magic Dart
Confirm with . or Enter, or press ? or * to list all spells.
Aiming: Magic Dart
Press: ? - help, Shift-Dir - straight line, f/p - human zombie
Aim: a human zombie (heavily damaged)
The magic dart hits the human zombie.
The human zombie is severely damaged.
The human zombie barely misses you.
Casting: Magic Dart
Confirm with . or Enter, or press ? or * to list all spells.
Aiming: Magic Dart
Press: ? - help, Shift-Dir - straight line, f - big kobold zombie, p - human zombie
Aim: a big kobold zombie The magic dart hits the big kobold zombie.
The big kobold zombie is lightly damaged.
The big kobold zombie hits you. The human zombie hits you!
* * * LOW HITPOINT WARNING * * *
It was a potion of cancellation.
You feel magically purged. The big kobold zombie hits you.
You die...

###############
#..............
#.....@ZZ......
#....#+#......#
#...## #....##
#...# ....#
...# #...# ...#
...# #..## ..##
#..# #..# .#
#..# #..# .#
#.∩# #..# #..#


You could see a big kobold zombie and a human zombie.

Vanquished Creatures
  A water moccasin skeleton (D:4)
  A centaur zombie (Ossuary)
  A hound zombie (Ossuary)
  A gnoll (D:1)
  4 adders
  An ooze (D:1)
  An adder zombie (Ossuary)
  A worm (D:2)
  A dart slug (D:1)
  4 leopard geckos
  6 orcs (D:3)
  6 bats
  A giant cockroach (D:3)
  9 goblins
  6 hobgoblins
  A quokka (D:3)
  6 frilled lizards (D:1)
  3 goblin zombies (Ossuary)
  2 hobgoblin zombies (Ossuary)
  4 jackal zombies (Ossuary)
  9 kobolds
  3 kobold zombies (Ossuary)
  4 quokka zombies (Ossuary)
  5 rats
  3 rat zombies (Ossuary)
84 creatures vanquished.

Notes
Turn   | Place    | Note
-------+----------+-------------------------------------------
     0 | D:1      | empire the Deep Elf Conjurer began the quest for the Orb.
     0 | D:1      | Reached XP level 1. HP: 10/10 MP: 6/6
    80 | D:1      | Reached XP level 2. HP: 15/15 MP: 0/8
   524 | D:1      | Reached skill level 5 in Conjurations
   603 | D:1      | Reached XP level 3. HP: 19/19 MP: 5/10
   647 | D:1      | Learned a level 3 spell: Dazzling Spray
   936 | D:1      | Reached skill level 1 in Hexes
  1342 | D:2      | Learned a level 3 spell: Confuse
  1608 | D:3      | Reached XP level 4. HP: 21/24 MP: 4/12
  2499 | D:3      | Found a bloodstained altar of Trog.
  2753 | D:4      | Reached skill level 5 in Spellcasting
  2753 | D:4      | Reached XP level 5. HP: 23/28 MP: 6/14
  2790 | D:4      | Found a sand-covered staircase.
  2812 | Ossuary  | Entered an ossuary
  3023 | Ossuary  | Identified a +1 rod of inaccuracy (12/12) (You found it on level 4 of the Dungeon)
  3197 | Ossuary  | Slain by a big kobold zombie

Skill      XL: |  1  2  3  4  5 |
---------------+----------------+-----
Conjurations   | 5 |  5.9
Spellcasting   | 4 5 |  5.3
Hexes          | 1 2 3 |  3.3
Dodging        | |  2.5
Stealth        | |  2.4
Evocations     | |  0.2

Action                   |  1- 3 |  4- 6 || total
-------------------------+-------+-------++-------
Melee: Short sword       |    22 |    21 ||    43
 Cast: Magic Dart        |    79 |   104 ||   183
       Dazzling Spray    |       |     5 ||     5
Evoke: Rod               |       |     6 ||     6
  Use: Scroll            |     1 |     7 ||     8
       Potion            |       |     1 ||     1
 Stab: Sleeping          |     1 |     2 ||     3
  Eat: Chunk             |     2 |     6 ||     8
Armor: Robe              |     9 |     5 ||    14
Dodge: Dodged            |    30 |    42 ||    72
